 Dungeon Sprint DCSS version 0.27.1-1-g398f81649c (webtiles) character file.

Game seed: 10886174152931644777

611 ugugthedestroyer the Blocker (level 7, -6/68 (69) HPs)
             Began as a Hill Orc Fighter on Sept 7, 2021.
             Was a High Priest of Beogh.
             Mangled by an earth elemental (25 damage)
             ... in the Dungeon (Sprint VII: "The Pits").
             The game lasted 00:03:14 (866 turns).

ugugthedestroyer the Blocker (Hill Orc Fighter)      Turns: 866, Time: 00:03:15

HP:   -6/68 (69)    AC: 11    Str: 21    XL:     7   Next: 44%
MP:   7/7           EV:  9    Int:  8    God:    Beogh [*****.]
Gold: 0             SH: 11    Dex: 10    Spells: 6/6 levels left

rFire    . . .     SeeInvis .   o - +1 long sword (flame)
rCold    . . .     Faith    .   c - +0 kite shield
rNeg     . . .     Spirit   .   p - +3 scale mail
rPois    .         Reflect  .   (no helmet)
rElec    .         Harm     .   (no cloak)
rCorr    .         Rampage  .   (no gloves)
Will     .....     NoTele   +   (no boots)
Stlth    +.........             (no amulet)
HPRegen  0.21/turn              (no ring)
MPRegen  0.10/turn              (no ring)

@: lightly drained
A: walk on water
a: Renounce Religion, Smiting, Recall Orcish Followers, Give Item to Named
Follower


You were in the Dungeon.
You worshipped Beogh.
Beogh was extremely pleased with you.
You visited 1 branch

Inventory:

Hand Weapons
 a - a +0 long sword
 k - a +2 falchion
 o - a +1 long sword of flaming (weapon)
Armour
 b - a +0 scale mail
 c - a +0 kite shield (worn)
 p - a +3 scale mail (worn)
Scrolls
 j - a scroll of blinking
 m - 5 scrolls of amnesia
 n - a scroll of summoning
Potions
 d - a potion of might
 e - 4 potions of curing
 f - 5 potions of heal wounds
 g - a potion of haste
 h - 4 potions of magic
 i - 3 potions of berserk rage
 l - 2 potions of invisibility


   Skills:
 + Level 8.8 Fighting
 + Level 8.9 Long Blades
 + Level 9.0 Armour
 + Level 1.9 Dodging
 + Level 3.0 Stealth
 + Level 9.2 Shields


You had 6 spell levels left.
You didn't know any spells.
Your spell library was empty.

Dungeon Overview and Level Annotations

Branches:
Dungeon (1/1)

Altars:
Ashenzari
Cheibriados
Dithmenos
Elyvilon
Fedhas
Gozag
Hepliaklqana
Kikubaaqudgha
Makhleb
Nemelex Xobeh
Okawaru
Qazlal
Ru
Sif Muna
Trog
Uskayaw
Vehumet
Wu Jian
Xom
Yredelemnul
Zin
The Shining One
Beogh
Jiyva
Lugonu


Message History

The earth elemental hits you!
Your orc priest completely misses the blink frog.
You barely miss the earth elemental.
The earth elemental is lightly damaged.
The blink frog blinks!
The necrophage hits you but does no damage.
You block the blink frog's attack.
The blink frog blinks!
You block the earth elemental's attack.
You hit the earth elemental but do no damage.
The earth elemental is lightly damaged.
The blink frog barely misses you.
The necrophage hits you but does no damage.
Your orc priest hits the blink frog with a +0 club.
You hit the earth elemental but do no damage.
The earth elemental is lightly damaged.
The blink frog blinks!
The blink frog hits your orc priest.
The necrophage hits you but does no damage.
The blink frog blinks!
Your orc priest closely misses the blink frog.
The blink frog blinks!
The earth elemental hits you!
You barely miss the earth elemental.
The earth elemental is lightly damaged.
The blink frog blinks!
You block the necrophage's attack. The blink frog hits you.
* * * LOW HITPOINT WARNING * * *
The blink frog blinks!
You hit the earth elemental.
The earth elemental is lightly damaged.
The blink frog misses you.
The necrophage hits you but does no damage.
Your orc priest barely misses the blink frog.
The earth elemental misses you. You block the blink frog's attack.
The blink frog hits your orc priest!
You hit the blink frog. You burn the blink frog.
The blink frog is heavily wounded.
You block the necrophage's attack. The blink frog barely misses you.
The blink frog hits your orc priest.
Your orc priest calls down the wrath of Beogh upon the blink frog.
The blink frog writhes in agony!
The earth elemental hits you!!
You die...

#.#..########...<...#
#.#..'.).)[##.......#
#.#..#.))).##.......#
#'###########.......#
#..)....#..##########
#))#.#..#.######
#)##.##.#.#....#
#.......#†#n...#
#.##.##.#o@F...+
#..#.#..#F#E...#
#.......)F#....#
################


You could see an earth elemental, 3 blink frogs, a necrophage and a friendly orc
priest.

Vanquished Creatures
  A cane toad (D)
  A water moccasin (D)
  A gnoll sergeant (D)
  2 scorpions (D)
  An iron imp (D)
  A mummy (D)
  3 gnolls (D)
  3 river rats (D)
  2 endoplasms (D)
  A goblin (D)
  A hobgoblin (D)
  3 jackals (D)
  A kobold (D)
  A ball python (D)
  A bat (D)
23 creatures vanquished.

Vanquished Creatures (collateral kills)
  An orc priest (D)
  A mummy (D)
  An orc (D)
3 creatures vanquished.

Vanquished Creatures (others)
  An orc wizard (D)
  5 orcs (D)
6 creatures vanquished.

Grand Total: 32 creatures vanquished

Notes
Turn   | Place    | Note
-------+----------+-------------------------------------------
     0 | D        | ugugthedestroyer the Hill Orc Fighter began the quest for
                  | the Orb.
     0 | D        | Reached XP level 1. HP: 19/19 MP: 1/1
    48 | D        | Found a bloodstained altar of Trog.
    48 | D        | Found a shimmering blue altar of Sif Muna.
    48 | D        | Found a viscous altar of Jiyva.
    48 | D        | Found a hazy altar of Hepliaklqana.
    48 | D        | Found an opulent altar of Gozag.
    49 | D        | Found a glowing golden altar of the Shining One.
    49 | D        | Found a glowing silver altar of Zin.
    49 | D        | Found a basalt altar of Yredelemnul.
    49 | D        | Found a shimmering altar of Xom.
    49 | D        | Found an ornate altar of the Wu Jian Council.
    49 | D        | Found a sacrificial altar of Ru.
    49 | D        | Found a stormy altar of Qazlal.
    49 | D        | Found an iron altar of Okawaru.
    49 | D        | Found a sparkling altar of Nemelex Xobeh.
    49 | D        | Found a burning altar of Makhleb.
    49 | D        | Found a blossoming altar of Fedhas.
    49 | D        | Found a white marble altar of Elyvilon.
    49 | D        | Found a shadowy altar of Dithmenos.
    49 | D        | Found a snail-covered altar of Cheibriados.
    52 | D        | Found a corrupted altar of Lugonu.
    52 | D        | Found a radiant altar of Vehumet.
    52 | D        | Found a roughly hewn altar of Beogh.
    54 | D        | Found a broken altar of Ashenzari.
    54 | D        | Found an ancient bone altar of Kikubaaqudgha.
    54 | D        | Found a hide-covered altar of Uskayaw.
    61 | D        | Became a worshipper of Beogh the Brigand
    86 | D        | Reached XP level 2. HP: 25/28 MP: 2/2
   100 | D        | Noticed a scorpion
   113 | D        | Killed a scorpion
   113 | D        | Reached * piety under Beogh
   114 | D        | Reached skill level 5 in Armour
   114 | D        | Reached skill level 5 in Shields
   114 | D        | Reached XP level 3. HP: 12/37 MP: 3/3
   114 | D        | Reached XP level 4. HP: 14/44 MP: 4/4
   126 | D        | Reached ** piety under Beogh
   340 | D        | Noticed a gnoll sergeant
   355 | D        | Reached *** piety under Beogh
   366 | D        | Killed a gnoll sergeant
   367 | D        | Reached skill level 5 in Long Blades
   367 | D        | Reached skill level 1 in Stealth
   367 | D        | Reached XP level 5. HP: 26/52 MP: 5/5
   370 | D        | Reached **** piety under Beogh
   378 | D        | Noticed a water moccasin
   395 | D        | Killed a water moccasin
   396 | D        | Reached skill level 1 in Dodging
   396 | D        | Reached XP level 6. HP: 22/61 MP: 6/6
   624 | D        | Reached ***** piety under Beogh
   643 | D        | Noticed a cane toad
   647 | D        | Killed a cane toad
   648 | D        | Reached XP level 7. HP: 40/69 MP: 7/7
   853 | D        | Noticed a blink frog
   853 | D        | Noticed a blink frog
   853 | D        | Noticed a blink frog
   866 | D        | Mangled by an earth elemental

Illustrated notes

Levels and vault maps discovered:
D:        pitsprint [storerooms_1, entrance_room_1, metal_vault_2, armoury_3,
          mini_pit_1, grid_room_1, main_hall_1, silver_pit, the_coven_1,
          the_vestibule_1, steel_vault_4, golden_pit, hallway_of_sentries,
          crystal_vault_1, iron_vault_1, final_vault]

Skill      XL: |  1  2  3  4  5  6  7 |
---------------+----------------------+-----
Fighting       | 4 6 7 8 |  8.8
Armour         | 4 5 6 7 8 9 |  9.0
Shields        | 4 5 7 8 9 |  9.2
Long Blades    | 3 5 6 8 |  8.9
Stealth        | 1 2 3 |  3.0
Dodging        | 1 |  1.9

Action                   |  1- 3 |  4- 6 |  7- 9 || total
-------------------------+-------+-------+-------++-------
Melee: Falchion          |    23 |    21 |       ||    44
       Long sword        |     3 |    38 |    23 ||    64
  Use: Potion            |       |     2 |     1 ||     3
 Stab: Confused          |       |     2 |       ||     2
Armor: Scale mail        |     7 |    45 |     6 ||    58
Dodge: Dodged            |     9 |    35 |    11 ||    55
Block: Kite shield       |    15 |    44 |    16 ||    75
       Rpst.: Falchion   |     2 |     3 |       ||     5
       Long sword        |       |     5 |     2 ||     7
